 Dungeon Crawl Stone Soup version 0.16-a0-3246-g12054e0 (webtiles) character file.

23 Herrn the Grasshopper (level 3, 18/18 HPs)
             Began as a Vine Stalker Warper on Dec 22, 2014.
             Quit the game on level 2 of the Dungeon.
             The game lasted 00:03:45 (1256 turns).

Herrn the Grasshopper (Vine Stalker Warper)         Turns: 1256, Time: 00:03:46

Health: 18/18      AC:  3    Str: 14    XL:     3   Next: 0%
Magic:  7/7        EV: 12    Int: 13    God:
Gold:   121        SH:  0    Dex: 13    Spells: 1 memorised, 5 levels left

rFire  . . .     SeeInvis .     a - +0 hand axe
rCold  . . .     Clarity  .     b - +0 leather armour
rNeg   . . .     SustAb   .     (no shield)
rPois  .         Gourm    .     (no helmet)
rElec  .         Spirit   +     (no cloak)
rCorr  .         Warding  .     (no gloves)
rMut   .         Stasis   .     (no boots)
MR     .....                    (no amulet)
Stlth  +.........               (no ring)
                                (no ring)

@: not resistant to hostile enchantments, very unstealthy
A: fangs 2, regeneration 1, magic shield, antimagic bite, no device heal 3, rot
immunity
a: no special abilities


You were on level 2 of the Dungeon.
You were not hungry.

You visited 1 branch of the dungeon, and saw 2 of its levels.

You collected 121 gold pieces.

Inventory:

Hand weapons
 a - a +0 hand axe (weapon)
Missiles
 e - 5 tomahawks of dispersal (quivered)
Armour
 b - a +0 leather armour (worn)
Scrolls
 d - a scroll of blinking
 k - a scroll of teleportation {unknown}
 l - a scroll of enchant weapon {unknown}
 o - a scroll of amnesia {unknown}
 p - 2 scrolls of identify {unknown}
 u - a scroll of recharging {unknown}
Potions
 g - 3 potions of curing {unknown}
 h - a potion of resistance {unknown}
 i - a potion of mutation {unknown}
 m - a potion of brilliance {unknown}
 n - a potion of magic {unknown}
 q - a potion of restore abilities {unknown}
 r - a potion of agility {unknown}
 s - a potion of heal wounds {unknown}
Books
 c - a book of Spatial Translocations

   Spells                             Type                      Level
   a - Apportation                    Translocation                1
   b - Blink                          Translocation                2
   c - Shroud of Golubria             Charms/Translocation         2
   d - Portal Projectile              Translocation                3
   e - Teleport Other                 Translocation                3
   f - Passage of Golubria            Translocation                4
Comestibles
 f - 2 bread rations
 j - a meat ration
 t - a chunk of flesh


   Skills:
 * Level 2.0 Fighting
 * Level 2.2 Axes
 - Level 0.8 Throwing
 + Level 0.7 Armour
 * Level 2.0 Dodging
 * Level 2.3 Spellcasting
 - Level 3.0 Translocations


You had 5 spell levels left.
You knew the following spells:

 Your Spells              Type           Power        Failure   Level  Hunger
a - Apportation           Tloc           #.........   10%         1    #......


Dungeon Overview and Level Annotations

Branches:
Dungeon (2/15)

Altars:
Elyvilon

Annotations:
D:2 Terence


Innate Abilities, Weirdness & Mutations

You have extremely sharp teeth.
Your natural rate of healing is unusually fast.
When hurt, damage is shared between your health and your magic reserves.
Your bite disrupts and absorbs the magic of your enemies.
Potions and wands cannot restore your health.
You are immune to rotting.


Message History

You continue eating.
HP restored.
u - a scroll labeled BYMAFIAHAF
Things that are here:
an uncursed club; an uncursed hunting sling; 22 stones A giant newt comes into view.
A giant newt is nearby!
You closely miss the giant newt. You bite the giant newt. You drain its power.
You kill the giant newt!
You have reached level 3!
Your experience leads to an increase in your attributes!
Increase (S)trength, (I)ntelligence, or (D)exterity?
You feel stronger.
Unknown command.
Unknown command.
Unknown command.
Unknown command.
Unknown command.
Unknown command.
Are you sure you want to abandon this character and quit the game? (Confirm with "yes".)

#####################
........@...........#
###################.#
#.# ##.## #...#
#..)#### #.......
#....... #.......


There were no monsters in sight!

Vanquished Creatures
  2 giant cockroaches (D:1)
  3 goblins
  7 hobgoblins (D:1)
  2 kobolds (D:1)
  4 bats
  2 giant newts
  3 rats
23 creatures vanquished.

Notes
Turn   | Place    | Note
--------------------------------------------------------------
     0 | D:1      | Herrn, the Vine Stalker Warper, began the quest for the Orb.
     0 | D:1      | Reached XP level 1. HP: 11/11 MP: 3/3
   347 | D:1      | Reached XP level 2. HP: 15/15 MP: 5/5
   994 | D:2      | Found a white marble altar of Elyvilon.
   994 | D:2      | Noticed Terence
  1255 | D:2      | Reached XP level 3. HP: 18/18 MP: 7/7
  1256 | D:2      | Quit the game

Action                   || total
-------------------------++-------
Melee: Hand axe          ||    73
 Stab: Sleeping          ||     1
  Eat: Chunk             ||     1
